 Dungeon Crawl Stone Soup version 0.26-a0-996-g6b303dbc09 (webtiles) character file.

Game seed: 18058730812066994927

9 Floopie the Sneak (level 2, -5/27 HPs)
             Began as a Deep Dwarf Delver on Dec 6, 2020.
             Slain by a gnoll
             ... wielding a +0 club
              (7 damage)
             ... on level 5 of the Dungeon.
             The game lasted 00:01:14 (46 turns).

Floopie the Sneak (Deep Dwarf Delver)                 Turns: 46, Time: 00:01:15

Health: -5/27      AC:  3    Str: 15    XL:     2   Next: 6%
Magic:  2/2        EV: 12    Int: 10    God:
Gold:   11         SH:  0    Dex: 14    Spells: 1/1 levels left

rFire    . . .     SeeInvis .   a - +0 hand axe
rCold    . . .     Faith    .   (no shield)
rNeg     . . .     Spirit   .   b - +0 leather armour
rPois    .         Reflect  .   (no helmet)
rElec    .         Harm     .   (no cloak)
rCorr    .         Rampage  .   (no gloves)
MR       .....                  (no boots)
Stlth    +++.......             (no amulet)
HPRegen  0.00/turn              (no ring)
MPRegen  0.08/turn              (no ring)

@: non-regenerating
A: damage resistance, heal wounds, sense surroundings 1, no regeneration
a: Heal Wounds


You were on level 5 of the Dungeon.
You visited 1 branch of the dungeon, and saw 2 of its levels.

You collected 11 gold pieces.

Inventory:

Hand Weapons
 a - a +0 hand axe (weapon)
Armour
 b - a +0 leather armour (worn)
Wands
 D - a wand of digging (3)
Scrolls
 c - a scroll of fog
 e - a scroll of fear
 M - a scroll of magic mapping
Potions
 H - a potion of haste


   Skills:
 - Level 2.6 Fighting
 + Level 3.1 Axes
 - Level 2.1 Dodging
 - Level 6.0 Stealth


You had one spell level left.
You didn't know any spells.
Your spell library was empty.

Dungeon Overview and Level Annotations

Branches:
Dungeon (6/15)
 Temple: D:4-7

Altars:


Innate Abilities, Weirdness & Mutations

You are resistant to damage.
You can heal yourself by infusing magical energy.
You passively map a small area around you.
You do not regenerate.


Message History

The gnoll is severely wounded.
The gnoll hits you with a +0 club!
You barely miss the gnoll.
The gnoll is severely wounded.
The gnoll hits you with a +0 club.
You barely miss the gnoll.
The gnoll is severely wounded.
The gnoll hits you with a +0 club.
You hit the gnoll but do no damage.
The gnoll is severely wounded.
The gnoll misses you.
Press: ? - help, v - describe, . - travel
Here: a gnoll, wielding a +0 club (severely wounded)
The floor, spattered with blood.
You hit the gnoll.
The gnoll is severely wounded.
The gnoll hits you with a +0 club!
* * * LOW HITPOINT WARNING * * *
You fail to use your ability.
The gnoll hits you with a +0 club!
You die...

* #.## ** , ,
#..# * *, * #..#
* * #.g# * ##.# *
###+ #g# , ....
#.# ## ,
.....#####.#...#
........@g.....#,
,
....#..##.#####,
# *#..##..., , ,
, ,....###### * ,
##...# ,, , #...#
* #...# , #...# *
* , , , ..... *


You could see a gnoll.

Vanquished Creatures
  A gnoll (D:5)
1 creature vanquished.

Notes
Turn   | Place    | Note
-------+----------+-------------------------------------------
     0 | D:5      | Floopie the Deep Dwarf Delver began the quest for the Orb.
     0 | D:5      | Reached XP level 1. HP: 20/20 MP: 1/1
     2 | D:5      | Noticed a gnoll shaman
    36 | D:5      | HP: 1/20 [gnoll (3)]
    41 | D:5      | Reached skill level 3 in Axes
    41 | D:5      | Reached XP level 2. HP: 18/27 MP: 2/2
    46 | D:5      | Slain by a gnoll

Illustrated notes

Levels and vault maps discovered:
D:5:      layout_basic, gammafunk_temple_overflow_arena, minitemple,
          serial_shops, shop_scrolls, minmay_misc_feat_iff,
          evilmike_ruin_ashenzari
D:6:      layout_basic, serial_shops, shop, shop, shop, shop,
          nicolae_shop_trees, vehumet_altar_wand_db, uniq_prince_ribbit1,
          uniq_blork_the_orc

Skill      XL: |  1 |
---------------+----+-----
Axes           | 3 |  3.1
Fighting       | |  2.6
Dodging        | |  2.1
Stealth        | |  6.0

Action                   || total
-------------------------++-------
Melee: Hand axe          ||    25
 Abil: Heal Wounds       ||     1
Armor: Leather armour    ||     3
Dodge: Dodged            ||    15

Table legend: (Time is in decaauts)
 A = Elapsed time spent in this place.
 B = Non-inter-level travel time spent in this place.
 C = Inter-level travel time spent in this place.
 D = Time resting spent in this place.
 E = Time spent auto-exploring this place.
 F = Levels seen in this place.
 G = Mean time per level.
                   A        B        C        D        E       F      G
               +--------+--------+--------+--------+--------+-----+--------+
         Total |     50 |     50 |      0 |      0 |      0 |   2 |   25.0 |
       Dungeon |     50 |     50 |      0 |      0 |      0 |   2 |   25.0 |
               +--------+--------+--------+--------+--------+-----+--------+

Top non-repeatable levels by time:
     D:5: 49 daAuts
     D:6: 1 daAuts
